 Dungeon Crawl Stone Soup version 0.20.0-8-g6b59dc7 (webtiles) character file.

219240 Ijustatesigmund the Warrior (level 18, -8/176 HPs)
             Began as a Minotaur Fighter on June 1, 2017.
             Was the Champion of Okawaru.
             Killed from afar by Margery (13 damage)
             ... with a bolt of fire
             ... while paralysed by a vampire knight
             ... on level 1 of the Depths on June 2, 2017.
             The game lasted 01:59:11 (34259 turns).

Ijustatesigmund the Warrior (Minotaur Fighter)     Turns: 34259, Time: 01:59:11

Health: -8/176     AC: 35    Str: 24    XL:     18   Next: 44%
Magic:  0/28       EV:  2    Int:  7    God:    Okawaru [******]
Gold:   1031       SH:  0    Dex: 20    Spells: 17/17 levels left

rFire    + . .     SeeInvis .   Q - +7 eveningstar (protect)
rCold    . . .     Gourm    .   o - +1 shield of Hasaat {Str+2}
rNeg     . . .     Faith    .   b - +7 swamp dragon scales of Muttered Phrases {rElec rPois rF+}
rPois    +         Spirit   +   d - +2 hat
rElec    +         Reflect  .   h - scarf {Spirit}
rCorr    .         Harm     .   U - +1 pair of gloves {Dex+3}
MR       +....                  v - +1 pair of boots
Stlth    +++.......             s - amulet of Togg {+Blink Regen+ Int+2}
Regen    0.8/turn               J - +3 ring of slaying
MPRegen  0.3/turn               g - +4 ring of evasion

@: paralysed, heroism, finesse, protection aura
A: retaliatory headbutt, horns 2, molten scales 1, deterioration 1, mutation
resistance 1
}: 1/15 runes: gossamer
a: Heroism, Finesse, Renounce Religion, Evoke Blink


You were on level 1 of the Depths.
You worshipped Okawaru.
Okawaru was exalted by your worship.
You were not hungry.

You visited 6 branches of the dungeon, and saw 29 of its levels.
You visited the Abyss 1 time.
You also visited: Sewer and Ice Cave.

You collected 2647 gold pieces.
You spent 1616 gold pieces at shops.

Inventory:

Hand Weapons
 A - a +4 flail
 Q - a +7 eveningstar of protection (weapon)
Missiles
 c - 10 javelins
 I - 4 exploding tomahawks
 T - 8 javelins of penetration (quivered)
Armour
 b - the +7 swamp dragon scales of Muttered Phrases (worn) {rElec rPois rF+}
   (You found it on level 6 of the Lair of Beasts)

   It protects you from fire.
   It insulates you from electricity.
   It protects you from poison.
 d - a +2 hat (worn)
 h - a scarf of spirit shield (worn)
 o - the +1 shield of Hasaat (worn) {Str+2}
   (You took it off Asterion on level 2 of the Spider Nest)

   It affects your strength (+2).
 v - a +1 pair of boots (worn)
 U - a +1 pair of gloves of dexterity (worn)
Jewellery
 g - a +4 ring of evasion (right hand)
 p - a +3 ring of evasion
 s - the amulet of Togg (around neck) {+Blink Regen+ Int+2}
   (You bought it in a shop on level 13 of the Dungeon)

   [amulet of regeneration]

   It affects your intelligence (+2).
   It lets you blink.
   It increases your rate of regeneration.
 E - an uncursed ring of see invisible
 J - a +3 ring of slaying (left hand)
 X - an uncursed ring of protection from cold
 Z - an uncursed ring of protection from fire
Wands
 k - a wand of digging (11/24)
 l - a wand of paralysis (7/24)
 F - a wand of enslavement (3/24)
 P - a wand of acid (13/15)
 R - a wand of iceblast (4/15)
Scrolls
 j - 2 scrolls of recharging
 r - 4 scrolls of fog
 t - 2 scrolls of identify
 u - 6 scrolls of teleportation
 w - 9 scrolls of remove curse
 y - 2 scrolls of magic mapping
 K - a scroll of immolation
 L - 2 scrolls of silence
 S - 2 scrolls of amnesia
Potions
 e - 2 potions of cancellation
 i - 7 potions of lignification
 m - a potion of curing
 n - 7 potions of ambrosia
 x - 2 potions of agility
 z - 2 potions of heal wounds
 C - a potion of brilliance
 D - 4 potions of flight
 G - a potion of might
 H - 3 potions of berserk rage
 M - 2 potions of haste
 O - a potion of invisibility
 Y - 4 potions of magic
Comestibles
 f - 18 bread rations
 q - 14 meat rations


   Skills:
 + Level 19.3(24.3) Fighting
 - Level 17.3(22.3) Maces & Flails
 - Level 8.9(13.9) Throwing
 - Level 10.3(15.3) Armour
 - Level 11.3(16.3) Dodging
 - Level 12.4(17.4) Shields
 - Level 15.0 Invocations
 - Level 8.9 Evocations


You had 17 spell levels left.
You didn't know any spells.

Dungeon Overview and Level Annotations

Branches:
Dungeon (15/15)            Temple (1/1) D:5            Lair (6/6) D:8
 Shoals (0/4) Lair:2       Spider (4/4) Lair:4        Slime (0/5) Lair:5
    Orc (2/2) D:11            Elf (0/3) Orc:2        Vaults (0/5) D:13
 Depths (1/5) D:15

Altars:
Ashenzari
Cheibriados
Dithmenos
Elyvilon
Fedhas
Gozag
Hepliaklqana
Kikubaaqudgha
Makhleb
Nemelex Xobeh
Okawaru
Qazlal
Ru
Sif Muna
Trog
Uskayaw
Vehumet
Xom
Yredelemnul
Zin
The Shining One
Jiyva

Shops:
D:5 [   D:13 (**[[   Orc:2 *[((

Annotations:
Depths:1 Margery


Innate Abilities, Weirdness & Mutations

You reflexively headbutt those who attack you in melee.
You have a pair of horns on your head.
You are partially covered in molten scales. (AC +2)
Your body sometimes deteriorates upon taking damage.
You are somewhat resistant to further mutation.


Message History

The necromancer gestures wildly while chanting.
The necromancer binds the souls of nearby monsters.
The deep troll earth mage skeleton bites you but does no damage.
The deep troll earth mage skeleton claws you.
* * * LOW HITPOINT WARNING * * *
The deep troll earth mage skeleton claws you but does no damage.
The hell knight simulacrum hits you but does no damage.
Margery screams, "The ORB is only a tale, but I will kill you anyway!"
Margery hits you with an enchanted demon whip!!
* * * LOW HITPOINT WARNING * * *
Something hits you but does no damage. Something bites you but does no damage.
The deep troll earth mage skeleton bites you.
* * * LOW HITPOINT WARNING * * *
The deep troll earth mage skeleton claws you but does no damage. x2
The hell knight simulacrum hits you but does no damage.
Margery gestures.
You feel doomed. Margery gestures at you while chanting.
Helpless, you fail to dodge the bolt of fire.
You resist.
You die...

...................#
...................#
#######.............#
.#.# #...............
###.#.###.............##
........................
........S..............#
#####..Z(#.########...
#..#@#.#
#####pZ{@ZZ#####
........ZpZZ......
.........[p.......
##########..###### #Z.#
..... ...... .....u.


You could see Margery, a hell knight, a guardian serpent, 2 necromancers, an ice
dragon simulacrum, a tarantella simulacrum, a very ugly thing simulacrum, a deep
troll simulacrum, an ettin simulacrum, a hell knight simulacrum, a fire giant
zombie and a deep troll earth mage skeleton.

Vanquished Creatures
  Bai Suzhen (Depths:1)
  Arachne (Spider:3)
  Asterion (Spider:2)
  Kirke (Lair:4)
  A tentacled starspawn (Abyss:2)
  A tengu reaver (Depths:1)
  5 frost giants
  Aizul (Spider:2)
  An orc warlord (Orc:2)
  A caustic shrike zombie (D:15)
  Louise (D:14)
  6 emperor scorpions
  4 ghost moths (Spider:4)
  2 very ugly things (Depths:1)
  3 stone giants
  5 entropy weavers
  Azrael (Spider:3)
  The ghost of Scytalen the Grappler, a journeyman TrCK of Xom (D:12)
  A dire elephant (Lair:5)
  Snorg (Lair:5)
  An eidolon (Abyss:2)
  4 ettins (Depths:1)
  4 fire dragons (Depths:1)
  Fannar (D:11)
  A yaktaur captain (Depths:1)
  Josephine (D:13)
  3 rakshasas
  A great orb of eyes (Depths:1)
  An ice dragon (Depths:1)
  A merfolk avatar (Lair:6)
  4 hydras
  4 centaur warriors
  8 two-headed ogres
  4 deep troll shamans (Depths:1)
  4 tengu warriors
  2 vampire magi (Depths:1)
  A spriggan berserker (Depths:1)
  5 deep troll earth magi (Depths:1)
  A thrashing horror (Abyss:2)
  3 orc high priests
  Sonja (D:11)
  Urug (Lair:4)
  Nergalle (D:11)
  A hell knight (Depths:1)
  A skeletal warrior (D:15)
  A wizard (D:14)
  A flayed ghost (D:15)
  A sea snake (Lair:5)
  A glowing orange brain (Depths:1)
  4 unseen horrors
  5 deep trolls (Depths:1)
  Pikel (D:5)
  A mana viper (Abyss:2)
  A necromancer (D:15)
  A lindwurm (D:13)
  15 orb spiders
  6 orc knights
  7 orc sorcerers
  29 wolf spiders
  14 ugly things
  A manticore (D:15)
  4 large abominations (Abyss:2)
  4 moths of wrath
  6 cyclopes
  A black mamba (Lair:6)
  17 elephants
  The ghost of Shinoi the Cudgeler, a novice MiBe of Trog (D:4)
  Psyche (D:8)
  An ice statue (IceCv)
  3 torpor snails
  Joseph (Lair:1)
  A smoke demon (Abyss:2)
  An orange demon (Abyss:2)
  7 centaur skeletons
  A gargoyle (D:14)
  A yaktaur zombie (D:15)
  2 rime drakes (Lair:6)
  An efreet (D:14)
  An elf zombie (D:15)
  10 spiny frogs
  9 yaktaurs (Depths:1)
  3 tengu conjurers
  A freezing wraith (D:13)
  2 ancient zymes (Abyss:2)
  24 demonic crawlers
  A hellwing (Abyss:2)
  13 komodo dragons
  A queen bee (shapeshifter) (D:13)
  A guardian mummy (D:15)
  3 trolls
  30 jumping spiders
  17 polar bears
  26 blink frogs
  3 meliai (D:14)
  A wind drake (Lair:6)
  2 harpy skeletons
  9 hippogriffs
  17 hornets
  A meliai zombie (D:15)
  7 dream sheep (Lair:4)
  An ettin zombie (D:15)
  5 raiju (Abyss:2)
  2 slime creatures
  A flying skull (Abyss:2)
  59 redbacks
  4 wraiths
  23 tarantellas
  A tarantella (shapeshifter) (Depths:1)
  7 wyverns
  2 ynoxinuls (Abyss:2)
  51 yaks
  3 fire elementals (Spider:3)
  2 shadows
  A basilisk (Lair:6)
  3 fire bats (Abyss:2)
  3 steam dragons
  A neqoxec (Abyss:2)
  A chaos spawn (Abyss:2)
  A hog (shapeshifter) (Depths:1)
  3 hungry ghosts
  3 hogs (Lair:4)
  2 vampire mosquitoes (D:15)
  8 wargs
  2 acid dragons (D:13)
  18 water moccasins
  6 porcupines
  4 hell hounds (Spider:3)
  Purgy (Sewer)
  3 sky beasts
  A two-headed ogre zombie (D:11)
  6 ice beasts
  3 slaves
  A phantom (D:9)
  31 orc warriors
  A necrophage (D:13)
  An eye of draining (D:11)
  11 ogres
  A boggart (shapeshifter) (Depths:1)
  18 centaurs
  52 wolves
  16 crocodiles
  A big kobold (D:11)
  2 small abominations (Abyss:2)
  2 gnoll sergeants
  11 bullfrogs
  2 wyvern zombies
  3 jellies
  A scorpion (D:7)
  19 killer bees
  24 wights
  5 electric eels
  6 howler monkeys (D:10)
  10 crimson imps
  5 centaur zombies
  3 bullfrog zombies
  11 hounds
  2 quasits
  18 orc priests
  7 iguanas
  A bullfrog skeleton (D:8)
  18 orc wizards
  13 worker ants
  7 ogre zombies (D:11)
  A hound zombie (D:7)
  A howler monkey zombie (D:11)
  15 gnolls
  A worker ant zombie (D:9)
  12 adders
  6 shadow imps
  An ooze (D:1)
  An adder skeleton (D:6)
  A worm (D:3)
  A dart slug (D:3)
  4 leopard geckos
  70 orcs
  4 giant cockroaches
  6 goblins
  5 hobgoblins
  6 jackals
  17 kobolds
  7 quokkas
  2 ball pythons (D:3)
  9 bats
  4 frilled lizards
  A goblin skeleton (D:11)
  3 goblin zombies (D:11)
  A hobgoblin zombie (D:11)
  2 leopard gecko skeletons
  5 orc skeletons (D:11)
  15 orc zombies (D:11)
  9 rats
  A fungus (Lair:4)
  A starspawn tentacle (Abyss:2)
1168 creatures vanquished.

Vanquished Creatures (collateral kills)
  An orb spider (Spider:1)
  A blink frog (Lair:3)
2 creatures vanquished.

Vanquished Creatures (others)
  A human (Lair:4)
  An orc (Orc:1)
  A fungus (Lair:2)
  7 plants
  A starspawn tentacle (Abyss:2)
11 creatures vanquished.

Grand Total: 1181 creatures vanquished

Notes
Turn   | Place    | Note
-------+----------+-------------------------------------------
     0 | D:1      | Ijustatesigmund the Minotaur Fighter began the quest for the Orb.
     0 | D:1      | Reached XP level 1. HP: 19/19 MP: 0/0
   107 | D:1      | Reached XP level 2. HP: 26/26 MP: 1/1
   273 | D:1      | Reached XP level 3. HP: 30/31 MP: 2/2
  1228 | D:2      | Found an opulent altar of Gozag.
  1277 | D:2      | Reached skill level 1 in Dodging
  1540 | D:3      | Reached XP level 4. HP: 40/40 MP: 3/3
  1897 | D:4      | Reached skill level 4 in Fighting
  1897 | D:4      | Reached skill level 5 in Maces & Flails
  1923 | D:4      | Noticed Shinoi's ghost (novice MiBe)
  1950 | D:4      | Killed Shinoi's ghost
  1950 | D:4      | Reached skill level 5 in Fighting
  1950 | D:4      | Reached skill level 5 in Armour
  1950 | D:4      | Reached XP level 5. HP: 40/48 MP: 4/4
  1950 | D:4      | Reached XP level 6. HP: 47/56 MP: 5/5
  2045 | D:4      | Reached XP level 7. HP: 62/62 MP: 6/6
  2483 | D:5      | Entered Level 5 of the Dungeon
  2613 | D:5      | Found Lidimofy's Antique Armour Shop.
  2614 | D:5      | Found a staircase to the Ecumenical Temple.
  2635 | Temple   | Entered the Ecumenical Temple
  2874 | D:5      | Reached skill level 6 in Fighting
  3021 | D:5      | Noticed Pikel
  3036 | D:5      | Killed Pikel
  3036 | D:5      | Reached skill level 5 in Throwing
  3036 | D:5      | Reached XP level 8. HP: 46/70 MP: 7/7
  3302 | D:5      | Found a shattered altar of Ashenzari.
  3564 | D:6      | Reached skill level 7 in Fighting
  3580 | D:6      | Found a shadowy altar of Dithmenos.
  3589 | D:6      | Found a basalt altar of Yredelemnul.
  3893 | D:6      | Found a glowing drain.
  3907 | Sewer    | Entered a sewer
  4010 | Sewer    | Noticed Purgy
  4019 | Sewer    | Killed Purgy
  4019 | Sewer    | Reached skill level 8 in Fighting
  4352 | D:6      | Found an iron altar of Okawaru.
  4473 | D:6      | Became a worshipper of Warmaster Okawaru
  4522 | D:7      | Reached XP level 9. HP: 57/82 MP: 8/8
  4827 | D:7      | Found a sacrificial altar of Ru.
  4828 | D:7      | Reached skill level 9 in Fighting
  4948 | D:7      | Reached * piety under Okawaru
  5127 | D:7      | Reached skill level 10 in Maces & Flails
  5181 | D:7      | Reached skill level 10 in Fighting
  5647 | D:8      | Reached ** piety under Okawaru
  6050 | D:8      | Found a staircase to the Lair.
  6057 | D:8      | Noticed Psyche
  6061 | D:8      | Killed Psyche
  6061 | D:8      | Reached XP level 10. HP: 94/94 MP: 8/10
  6211 | D:8      | Noticed a two-headed ogre
  6224 | D:8      | Killed a two-headed ogre
  6302 | D:8      | Reached skill level 5 in Invocations
  6326 | D:8      | Reached *** piety under Okawaru
  6402 | D:8      | Found a glowing golden altar of the Shining One.
  6402 | D:8      | Found a glowing silver altar of Zin.
  6408 | D:8      | Found a white marble altar of Elyvilon.
  6445 | D:8      | Noticed a brown ugly thing
  6469 | D:8      | Killed a brown ugly thing
  7074 | D:9      | Found a deep blue altar of Sif Muna.
  7088 | D:9      | Found a snail-covered altar of Cheibriados.
  7114 | D:9      | Noticed a two-headed ogre
  7122 | D:9      | Killed a two-headed ogre
  7122 | D:9      | Reached **** piety under Okawaru
  7122 | D:9      | Received a gift from Okawaru
  7130 | D:9      | Found a blossoming altar of Fedhas.
  7158 | D:9      | Noticed a two-headed ogre
  7161 | D:9      | Found a burning altar of Makhleb.
  7161 | D:9      | Noticed a cacodemon
  7172 | D:9      | Killed a two-headed ogre
  7200 | D:9      | Reached XP level 11. HP: 31/101 MP: 16/16
  8063 | D:10     | Entered Level 10 of the Dungeon
  8246 | D:10     | Reached ***** piety under Okawaru
  8266 | D:10     | Reached skill level 11 in Fighting
  8486 | D:10     | Noticed a two-headed ogre
  8508 | D:10     | Killed a two-headed ogre
  9079 | D:10     | Received a gift from Okawaru
  9220 | D:10     | Identified Kikubaaqudgha's Volume of Darkness
  9248 | D:10     | Noticed a red ugly thing
  9262 | D:10     | Killed a red ugly thing
  9262 | D:10     | Reached skill level 10 in Invocations
  9531 | D:11     | Identified a scroll of acquirement
  9550 | D:11     | Noticed a six-headed hydra
  9572 | D:11     | Killed a six-headed hydra
  9939 | D:11     | Noticed Fannar
  9958 | D:11     | Killed Fannar
 10122 | D:11     | Noticed Sonja
 10233 | D:11     | Received a gift from Okawaru
 10283 | D:11     | Reached skill level 12 in Fighting
 10680 | D:11     | Noticed Nergalle
 10696 | D:11     | Killed Nergalle
 10714 | D:11     | Found a staircase to the Orcish Mines.
 10759 | D:11     | Received a gift from Okawaru
 10990 | D:11     | Reached XP level 12. HP: 104/112 MP: 18/18
 11218 | D:5      | Bought a bloodstained troll leather armour for 520 gold pieces
 11230 | D:5      | Identified the cursed +1 troll leather armour of Qevihian {+Fly rElec rN+ Regen+ Slay-4} (You bought it in a shop on level 5 of the Dungeon)
 12024 | D:12     | Noticed a two-headed ogre
 12030 | D:12     | Killed a two-headed ogre
 12196 | D:12     | Noticed Scytalen's ghost (journeyman TrCK)
 12220 | D:12     | Killed Scytalen's ghost
 12831 | D:13     | Noticed a tengu warrior
 12848 | D:13     | Killed a tengu warrior
 12857 | D:13     | Reached skill level 5 in Shields
 12884 | D:13     | Found a frozen archway.
 12905 | IceCv    | Entered an ice cave
 13054 | IceCv    | Gained mutation: You are weak. (Str -2) [potion of mutation]
 13054 | IceCv    | Lost mutation: You are weak. (Str -2) [potion of mutation]
 13054 | IceCv    | Gained mutation: You are somewhat resistant to further mutation. [potion of mutation]
 13072 | IceCv    | Reached skill level 13 in Fighting
 13551 | IceCv    | Received a gift from Okawaru
 13831 | IceCv    | Reached XP level 13. HP: 122/122 MP: 13/20
 13926 | IceCv    | Noticed a frost giant
 13941 | IceCv    | Killed a frost giant
 14269 | D:13     | Found Ceulaasi's Antique Armour Emporium.
 14273 | D:13     | Noticed Josephine
 14282 | D:13     | Killed Josephine
 14282 | D:13     | Reached skill level 5 in Dodging
 14337 | D:13     | Found Xinocipt's Assorted Antiques.
 14345 | D:13     | Bought a faintly glowing crystal amulet for 90 gold pieces
 14345 | D:13     | Bought a scroll labeled YZE TEGUSIDAZ for 18 gold pieces
 14345 | D:13     | Identified the amulet of Togg {+Blink Regen+ Int+2} (You bought it in a shop on level 13 of the Dungeon)
 14450 | D:13     | Reached skill level 1 in Evocations
 14462 | D:13     | Found a gate to the Vaults.
 14504 | D:13     | Found Apufecza's Assorted Antiques.
 14668 | D:13     | Found Duodd's Antique Weapon Shoppe.
 14746 | D:13     | Found Joem's Armour Emporium.
 14835 | Orc:1    | Entered Level 1 of the Orcish Mines
 14990 | Orc:2    | Entered Level 2 of the Orcish Mines
 15500 | Orc:2    | Reached skill level 5 in Evocations
 16508 | Orc:2    | Found a staircase to the Elven Halls.
 16667 | Orc:1    | Received a gift from Okawaru
 16930 | Orc:2    | Paralysed by an orc sorcerer for 6 turns
 16942 | Orc:2    | HP: 3/122 [orc priest/divine providence (11)]
 17196 | Orc:2    | Found Xosar's Antique Weapon Emporium.
 17213 | Orc:2    | Found Retoiq's Weapon Boutique.
 17219 | Orc:2    | Found Ocvoichy's Antique Armour Boutique.
 17221 | Orc:2    | Found Ecyc's Assorted Antiques.
 17243 | Orc:2    | Bought a transparent leather armour for 147 gold pieces
 17245 | Orc:2    | Bought 2 green potions for 57 gold pieces
 17245 | Orc:2    | Bought a fuming sapphire potion for 28 gold pieces
 17293 | Orc:2    | Identified the +2 leather armour of Summertime {*Contam +Blink rPois Int+2} (You bought it in a shop on level 2 of the Orcish Mines)
 17465 | Orc:2    | Reached XP level 14. HP: 126/129 MP: 21/21
 17478 | Orc:2    | Noticed an orc warlord
 17499 | Orc:2    | Killed an orc warlord
 17919 | Lair:1   | Entered Level 1 of the Lair of Beasts
 18333 | Lair:1   | Noticed Joseph
 18343 | Lair:1   | Killed Joseph
 18783 | Lair:2   | Received a gift from Okawaru
 18796 | Lair:2   | Found a burning altar of Makhleb.
 18858 | Lair:2   | Found a staircase to the Shoals.
 18960 | Lair:2   | Reached skill level 14 in Fighting
 20753 | Lair:3   | Reached skill level 15 in Maces & Flails
 20770 | Lair:3   | Received a gift from Okawaru
 21122 | Lair:4   | Reached skill level 15 in Fighting
 21200 | Lair:4   | Noticed Kirke
 21337 | Lair:4   | Noticed Urug
 21349 | Lair:4   | Killed Urug
 21349 | Lair:4   | Received a gift from Okawaru
 21456 | Lair:4   | Found a hole to the Spider Nest.
 21961 | Lair:4   | Killed Kirke
 22644 | Lair:5   | Noticed Snorg
 22676 | Lair:5   | Killed Snorg
 22812 | Lair:5   | Got a brightly glowing ring mail
 22823 | Lair:5   | Identified the cursed +0 ring mail "Kisamoikuts" {rF+} (You found it on level 5 of the Lair of Beasts)
 22954 | Lair:5   | Reached XP level 15. HP: 137/143 MP: 22/22
 23211 | D:11     | Killed Sonja
 23273 | D:13     | Bought a smoking plate armour for 756 gold pieces
 23283 | D:13     | Identified the +1 plate armour "Pihatz" {*Contam rPois MR++ Str+4} (You bought it in a shop on level 13 of the Dungeon)
 23585 | Lair:5   | Found a staircase to the Slime Pits.
 23586 | Lair:5   | Found a viscous altar of Jiyva.
 23798 | Lair:6   | Entered Level 6 of the Lair of Beasts
 24081 | Lair:6   | Received a gift from Okawaru
 24528 | Lair:6   | Got smelly swamp dragon scales
 24529 | Lair:6   | Identified the +7 swamp dragon scales of Muttered Phrases {rElec rPois rF+} (You found it on level 6 of the Lair of Beasts)
 24541 | Lair:6   | Gained mutation: You are partially covered in molten scales. (AC +2) [mutagenic glow]
 25111 | Spider:1 | Entered Level 1 of the Spider Nest
 25559 | Spider:1 | Reached skill level 10 in Armour
 25652 | Spider:1 | Received a gift from Okawaru
 26511 | D:14     | Received a gift from Okawaru
 26829 | D:14     | Received a gift from Okawaru
 26832 | D:14     | Got a twisted hat {god gift}
 26843 | D:14     | Identified the +0 hat of Asuebeudo {rPois rC+ rCorr Str-4} (Okawaru gifted it to you on level 14 of the Dungeon)
 27150 | D:15     | Entered Level 15 of the Dungeon
 27156 | D:15     | Noticed Louise
 27160 | D:15     | Reached XP level 16. HP: 141/150 MP: 25/25
 27174 | D:14     | Cast into level 2 of the Abyss (Louise)
 27246 | Abyss:2  | Gained mutation: Your body sometimes deteriorates upon taking damage. [a neqoxec]
 27373 | Abyss:2  | Reached ****** piety under Okawaru
 27395 | Abyss:2  | Noticed a tentacled starspawn
 27406 | Abyss:2  | Killed a tentacled starspawn
 27476 | Abyss:2  | Found a roughly hewn altar of Beogh.
 27525 | D:14     | Escaped the Abyss
 27544 | D:14     | Killed Louise
 27858 | D:15     | Reached skill level 10 in Dodging
 27868 | D:15     | Found a staircase to the Depths.
 28016 | D:15     | Received a gift from Okawaru
 28025 | D:15     | Got a shadowed robe {god gift}
 28036 | D:15     | Identified the +0 robe of Okawaru's Envy {MR+++ rCorr Int-4 Stlth+} (Okawaru gifted it to you on level 15 of the Dungeon)
 29217 | Spider:2 | Reached skill level 16 in Fighting
 29268 | Spider:2 | Noticed Aizul
 29281 | Spider:2 | Killed Aizul
 29346 | Spider:2 | Noticed Asterion
 29702 | Spider:2 | Killed Asterion
 29725 | Spider:2 | Got a faintly humming shield
 29736 | Spider:2 | Identified the +1 shield of Hasaat {Str+2} (You took it off Asterion on level 2 of the Spider Nest)
 30089 | Spider:3 | Noticed Azrael
 30099 | Spider:3 | Killed Azrael
 30335 | Spider:3 | Reached XP level 17. HP: 105/159 MP: 20/27
 30473 | Spider:3 | Noticed Arachne
 30491 | Spider:3 | Killed Arachne
 30491 | Spider:3 | Reached skill level 15 in Invocations
 30847 | Spider:4 | Entered Level 4 of the Spider Nest
 30854 | Spider:4 | Received a gift from Okawaru
 30925 | Spider:4 | Reached skill level 10 in Shields
 31099 | Spider:4 | Received a gift from Okawaru
 31102 | Spider:4 | Got a faintly humming scarf {god gift}
 31113 | Spider:4 | Identified the scarf of Dishonour {Int+7 Dex-2} (Okawaru gifted it to you on level 4 of the Spider Nest)
 32422 | Spider:4 | Got a gossamer rune of Zot
 33329 | Depths:1 | Entered Level 1 of the Depths
 33391 | Depths:1 | Received a gift from Okawaru
 33477 | Depths:1 | Reached skill level 17 in Fighting
 33615 | Depths:1 | Reached XP level 18. HP: 71/170 MP: 10/28
 33868 | Depths:1 | Reached skill level 18 in Fighting
 34156 | Depths:1 | Noticed Bai Suzhen
 34189 | Depths:1 | Killed Bai Suzhen
 34189 | Depths:1 | Received a gift from Okawaru
 34224 | Depths:1 | Reached skill level 19 in Fighting
 34233 | Depths:1 | Noticed Margery
 34244 | Depths:1 | Received a gift from Okawaru
 34255 | Depths:1 | Paralysed by something for 4 turns
 34258 | Depths:1 | HP: 8/176 [Margery/enchanted demon whip (21)]
 34259 | Depths:1 | Killed from afar by Margery

Skill      XL: |  1  2  3  4  5  6  7  8  9 10 11 12 13 14 15 16 17 18 |
---------------+-------------------------------------------------------+-----
Maces & Flails | 3 4 6 8 11 12 13 15 16 17 | 17.3
Dodging        | 1 4 5 8 11 | 11.3
Fighting       | 5 6 8 10 12 13 15 16 17 19 | 19.3
Armour         | 5 8 9 10 | 10.3
Throwing       | 5 8 |  8.9
Invocations    | 2 9 10 11 13 14 15 | 15.0
Shields        | 6 7 9 12 | 12.4
Evocations     | 8 |  8.9

Action                   |  1- 3 |  4- 6 |  7- 9 | 10-12 | 13-15 | 16-18 || total
-------------------------+-------+-------+-------+-------+-------+-------++-------
Melee: Flail             |    78 |    75 |   119 |   933 |  1700 |   156 ||  3061
       Headbutt          |    15 |     8 |    78 |   233 |   501 |   377 ||  1212
       Morningstar       |       |       |   248 |       |       |       ||   248
       Unarmed           |       |       |       |       |    13 |       ||    13
       Eveningstar       |       |       |       |       |       |  1102 ||  1102
Throw: Javelin           |       |       |    12 |     8 |    56 |    40 ||   116
Invok: Heroism           |       |       |       |     8 |    22 |    13 ||    43
       Finesse           |       |       |       |     3 |     5 |     5 ||    13
 Abil: Evoke Blink       |       |       |       |       |     8 |    10 ||    18
Evoke: Wand              |       |       |       |     6 |    10 |     7 ||    23
  Use: Scroll            |     5 |     3 |     7 |    18 |    18 |     8 ||    59
       Potion            |       |     2 |     2 |     4 |    10 |     3 ||    21
 Stab: Paralysed         |       |       |       |     4 |       |       ||     4
       Distracted        |       |       |       |     1 |       |       ||     1
  Eat: Chunk             |     2 |     2 |    11 |    12 |    20 |     3 ||    50
       Royal jelly       |       |       |     1 |     1 |     2 |       ||     4
       Bread ration      |       |       |       |     2 |     1 |       ||     3
       Fruit             |       |       |       |     3 |    13 |    29 ||    45
       Meat ration       |       |       |       |       |     1 |       ||     1
Armor: Scale mail        |    13 |       |       |       |       |       ||    13
       Chain mail        |    27 |    27 |   150 |   324 |   330 |       ||   858
       Swamp dragon scal |       |       |       |       |   133 |   591 ||   724
       Plate armour      |       |       |       |       |    92 |       ||    92
Dodge: Dodged            |    37 |    45 |   223 |   453 |  1039 |  1469 ||  3266
Block: Shield            |    38 |    29 |   206 |   461 |  1012 |  1127 ||  2873
